 Dungeon Crawl Stone Soup version 0.28-a0-655-g4eb62b627b (webtiles) character file.

Game seed: 16411188088681934352

4 cheechan the Magician (level 1, 0/11 HPs)
             Began as an Octopode Hedge Wizard on Oct 12, 2021.
             Frozen to death by an endoplasm (3 damage)
             ... on level 1 of the Dungeon.
             The game lasted 00:02:39 (419 turns).

cheechan the Magician (Octopode Hedge Wizard)        Turns: 419, Time: 00:02:39

Health: 0/11       AC:  1    Str:  9    XL:     1   Next: 60%
Magic:  4/4        EV: 13    Int: 16    God:
Gold:   995        SH:  0    Dex: 11    Spells: 5/6 levels left

rFire   . . .      SeeInvis .   h - +2 dagger (venom)
rCold   . . .      Faith    .   (no shield)
rNeg    . . .      Spirit   .   b - +0 hat
rPois   .          Reflect  .   (no amulet)
rElec   .          Harm     .   (no ring)
rCorr   .          Rampage  .   (no ring)
Will    .....                   (no ring)
Stlth   +++.......              (no ring)
HPRegen 0.03/turn               (no ring)
MPRegen 0.09/turn               (no ring)
                                (no ring)
                                (no ring)

@: no status effects
A: almost no armour, amphibious, 8 rings, camouflage 1, gelatinous body 1,
(nimble swimmer 1), tentacles
a: no special abilities


You were on level 1 of the Dungeon.
You visited 1 branch of the dungeon, and saw 1 of its levels.

You collected 1157 gold pieces.
You spent 162 gold pieces at shops.

Inventory:

Hand Weapons
 a - a +0 dagger
 c - a +0 trident
 h - a +2 dagger of venom (weapon)
Missiles
 f - 3 poisoned darts
Armour
 b - a +0 hat (worn)
 e - a scarf of harm
Scrolls
 i - 2 scrolls of holy word
 k - a scroll of torment
Potions
 d - a potion of curing {unknown}
 g - a potion of flight {unknown}


   Skills:
 + Level 2.0 Dodging
 + Level 2.6 Stealth
 + Level 3.2 Spellcasting
 + Level 1.0 Conjurations
 + Level 1.0 Summonings
 + Level 1.0 Translocations


You had 5 spell levels left.
You knew the following spells:

 Your Spells              Type           Power      Damage    Failure   Level
a - Magic Dart            Conj           20%        1d4       12%         1

Your spell library contained the following spells:

 Spells                   Type           Power      Damage    Failure   Level
 Blink                    Tloc           N/A        N/A       19%         2
 Call Imp                 Summ           5%         N/A       19%         2
 Ensorcelled Hibernation  Hex/Ice        4%         N/A       28%         2
 Slow                     Hex            2%         N/A       28%         2
 Conjure Flame            Conj/Fire      4%         6-21      41%         3
 Mephitic Cloud           Conj/Pois/Air  3%         N/A       43%         3
 Tukima's Dance           Hex            2%         N/A       50%         3


Dungeon Overview and Level Annotations

Branches:
Dungeon (1/15)

Altars:

Shops:
D:1 *


Innate Abilities, Weirdness & Mutations

You cannot wear most types of armour.
You are amphibious.
You can wear up to eight rings at the same time.
Your skin changes colour to match your surroundings (Stealth+).
Your rubbery body absorbs attacks. (AC +1, EV +1)
((You are camouflaged near water. (Stealth+)))
You have tentacles for arms and can constrict up to eight enemies at once.


Message History

You speak a Word of immense power!
It was a scroll of holy word.
As you read the scroll labelled KOTETRENYN, it crumbles to dust.
Wisps of shadow whirl around you...
It was a scroll of summoning.
As you read the scroll labelled VEITORGH SEASO, it crumbles to dust.
Your body is wracked with pain!
Your dart slug convulses!
Your hobgoblin convulses!
Your kobold convulses!
It was a scroll of torment.
You start resting.
Magic restored.
You start resting.
Your dart slug dissolves into shadows!
Your kobold dissolves into shadows!
Your hobgoblin dissolves into shadows!
HP restored.
You open the door.
Found a club.
There is an open door here.
You open the door.
There is an open door here.
You open the door.
There is an open door here.
You open the door.
There is an open door here.
There is an open door here.
Found 11 gold pieces.
You now have 995 gold pieces (gained 11).
An endoplasm comes into view.
The endoplasm jiggles.
The endoplasm freezes you.
You are frozen.
You hit the endoplasm. You squeeze the endoplasm.
The endoplasm is severely wounded.
The endoplasm freezes you.
You are frozen.
* * * LOW HITPOINT WARNING * * *
You hit the endoplasm.
The endoplasm is almost dead.
The endoplasm freezes you.
You are frozen.
You die...

##
#################.#####.
................@J......
#################..####.
..# ############# ..#
........##.. ..#
........##.# .###
........##.######....
∩.∩..............>#
................#


You could see an endoplasm.

Vanquished Creatures
  A giant cockroach (D:1)
  A goblin (D:1)
  A quokka (D:1)
3 creatures vanquished.

Notes
Turn   | Place    | Note
-------+----------+-------------------------------------------
     0 | D:1      | cheechan the Octopode Hedge Wizard began the quest for the
                  | Orb.
     0 | D:1      | Reached XP level 1. HP: 11/11 MP: 4/4
   147 | D:1      | Identified a scroll of acquirement
   147 | D:1      | Acquired 1131 gold pieces
   186 | D:1      | Found Pah Geiq's Assorted Antiques.
   198 | D:1      | Bought 3 scrolls labelled FYX QEERIPHE for 81 gold pieces
   198 | D:1      | Bought a scroll labelled KOTETRENYN for 27 gold pieces
   198 | D:1      | Bought a scroll labelled VEITORGH SEASO for 27 gold pieces
   198 | D:1      | Bought a scroll labelled VEITORGH SEASO for 27 gold pieces
   419 | D:1      | Frozen to death by an endoplasm

Illustrated notes

Levels and vault maps discovered:
D:1:      tarquinn_simple_flora_water_f, layout_basic, serial_shops,
          nicolae_shop_competitors_out_of_business

Action                   || total
-------------------------++-------
Melee: Dagger            ||     8
       Tentacles         ||     3
       Constrict         ||     1
 Cast: Magic Dart        ||     5
  Use: Scroll            ||     4
Dodge: Dodged            ||     5

Table legend: (Time is in decaauts)
 A = Elapsed time spent in this place.
 B = Non-inter-level travel time spent in this place.
 C = Inter-level travel time spent in this place.
 D = Time resting spent in this place.
 E = Time spent auto-exploring this place.
 F = Levels seen in this place.
 G = Mean time per level.
                   A        B        C        D        E       F      G
               +--------+--------+--------+--------+--------+-----+--------+
         Total |    418 |    418 |      0 |    133 |      0 |   1 |  418.0 |
       Dungeon |    418 |    418 |      0 |    133 |      0 |   1 |  418.0 |
               +--------+--------+--------+--------+--------+-----+--------+

Top non-repeatable levels by time:
     D:1: 418 daAuts
